Map: Mech Depot LE

Players

eXile - Winner!

  • Race: Zerg Zerg
  • League: Platinum
  • Spawn Location: 7:00

ZackThRipper

  • Race: Terran Terran
  • League: Platinum
  • Spawn Location: 1:00

VOD

Have the link to the VOD?

Description

Time

  • Played on: Sept. 19, 2017, 9:29 a.m.
  • Length: 19:43
Show
View Real Time Build Order
Export as new Build Order

eXile Zerg - Winner!

Build Orders: Hatch First 

Get SALT Encoding   

  12  0:01  Drone  
  13  0:13  Overlord  
  13  0:19  Drone  
  14  0:34  Drone x2  
  16  0:37  Drone  
  17  0:55  Hatchery  
  16  0:57  Drone  
  16  1:02  Extractor  
  17  1:04  Drone  
  17  1:18  Spawning Pool  
  17  1:24  Drone  
  17  1:25  Drone  
  18  1:33  Drone  
  18  1:39  Overlord  
  19  2:06  Queen  
  19  2:07  Metabolic Boost  
  19  2:08  Queen  
  21  2:09  Zergling x4  
  21  2:14  Drone  
  26  2:20  Drone x2  
  28  2:25  Zergling x2  
  29  2:59  Drone x6  
  35  3:13  Hatchery  
  35  3:17  Overlord  
  35  3:18  Overlord  
  34  3:36  Lair  
  34  3:38  Extractor  
  34  3:39  Zergling x2, Extractor, Drone x4  
  34  3:40  Zergling x2, Extractor  
  37  3:46  Queen  
  39  4:02  Drone x5  
  44  4:04  Overlord  
  44  4:22  Queen  
  44  4:36  Queen  
  46  4:45  Pneumatized Carapace  
  46  4:47  Overlord  
  46  4:50  Drone x4  
  46  4:51  Drone x3  
  53  4:58  Queen  
  55  5:10  Drone x2  
  55  5:11  Queen, Drone x4  
  63  5:19  Zergling x6  
  66  5:23  Hydralisk Den  
  65  5:34  Zergling x2  
  65  5:35  Overlord x2  
  66  5:53  Overlord x2  
  66  5:54  Zergling x6  
  66  5:55  Zergling x16  
  77  6:01  Baneling Nest  
  72  6:29  Hydralisk  
  72  6:30  Hydralisk x7  
  72  6:31  Hydralisk x2  
  92  6:35  Overlord  
  92  6:43  Drone  
  92  6:44  Drone x2  
  95  6:54  Drone x2  
  95  6:55  Drone  
  98  7:10  Hydralisk  
  98  7:11  Hydralisk x2  
  98  7:13  Overlord, Overseer  
  98  7:14  Overlord, Zergling x2  
  94  7:46  Muscular Augments  
  94  8:02  Drone x6  
  94  8:03  Drone x4  
  104  8:39  Extractor  
  104  8:40  Extractor, Spore Crawler  
  101  8:45  Evolution Chamber  
  100  8:49  Evolution Chamber  
  100  8:52  Drone x5  
  100  8:53  Zergling x2  
  100  8:54  Zergling x12  
  111  9:18  Zerg Ground Armor Level 1, Zerg Melee Weapons Level 1  
  111  9:22  Evolution Chamber  
  111  9:24  Infestation Pit, Hydralisk x2  
  110  9:25  Overlord  
  110  9:26  Overlord x4  
  110  9:27  Hatchery  
  110  9:30  Spine Crawler  
  111  9:32  Spine Crawler  
  111  9:36  Drone  
  111  9:37  Drone x3  
  114  10:08  Hydralisk  
  114  10:09  Zergling x8, Hydralisk x4  
  114  10:10  Zergling x8  
  114  10:12  Queen  
  134  10:18  Hatchery  
  133  10:28  Infestor  
  133  10:29  Infestor x5  
  133  10:31  Burrow  
  145  10:40  Zergling x6  
  145  10:41  Zergling x6  
  151  10:55  Hydralisk x4  
  159  11:05  Hive  
  159  11:06  Zerg Missile Weapons Level 1  
  159  11:21  Drone  
  159  11:23  Overlord x4  
  160  11:29  Overlord  
  160  11:30  Overlord x5  
  160  11:35  Centrifical Hooks  
  160  11:42  Drone  
  160  11:43  Drone x5  
  160  11:46  Baneling x9  
  160  11:47  Baneling x7  
  166  11:48  Baneling x2  
  166  11:49  Zerg Ground Armor Level 2  
  166  11:50  Zerg Melee Weapons Level 2  
  166  11:52  Queen  
  168  12:02  Spore Crawler  
  167  12:10  Drone x2  
  167  12:11  Drone x5  
  167  12:12  Hydralisk x5  
  167  12:14  Zergling x4  
  167  12:15  Zergling x6  
  189  12:33  Overlord  
  189  12:34  Overlord  
  189  12:45  Overseer x3  
  189  12:58  Extractor  
  188  13:02  Extractor  
  187  13:18  Viper x4  
  199  13:21  Zerg Missile Weapons Level 2  
  199  13:49  Hatchery  
  140  14:29  Zergling x10, Hydralisk x2  
  140  14:30  Zergling x8, Hydralisk x4  
  140  14:31  Hydralisk x4  
  161  14:36  Zerg Melee Weapons Level 3  
  161  14:37  Zerg Ground Armor Level 3  
  169  14:44  Spire  
  169  14:45  Spire  
  167  14:51  Hydralisk x7  
  167  14:52  Hydralisk x7  
  189  14:53  Hydralisk x2  
  199  15:16  Baneling x2  
  199  15:17  Baneling x9  
  199  15:18  Baneling x2  
  162  15:41  Zergling x6, Hydralisk  
  162  15:42  Zergling x12, Hydralisk x5  
  147  15:43  Zergling x10, Hydralisk  
  123  16:14  Hydralisk x2  
  123  16:15  Zergling x8, Mutalisk, Corruptor x3  
  123  16:16  Mutalisk x4  
  144  16:20  Greater Spire  
  133  16:47  Zergling x14  
  133  16:48  Zergling x10  
  133  16:49  Zergling x8  
  148  16:54  Queen  
  150  17:05  Extractor  
  150  17:06  Extractor  
  148  17:11  Zerg Flyer Weapons Level 1  
  148  17:13  Hydralisk x4  
  148  17:14  Corruptor x8  
  148  17:15  Corruptor  
  174  17:33  Queen  
  176  17:56  Hatchery  
  173  18:01  Corruptor x4  
  173  18:17  Drone x4  
  173  18:18  Drone x3  
  180  18:36  Brood Lord x3  
  180  18:37  Brood Lord x2  
  180  18:39  Brood Lord  
  180  18:40  Zergling x8  
  180  18:41  Zergling x8  
  200  18:42  Overlord x2  
  200  18:43  Overlord  
Show
View Real Time Build Order
Export as new Build Order

ZackThRipper Terran 

Build Orders: Bio Hellbat 

Get SALT Encoding   

  12  0:01  SCV  
  13  0:17  SCV, Supply Depot  
  14  0:29  SCV  
  15  0:40  Barracks  
  15  0:41  SCV  
  16  0:45  Refinery  
  16  0:53  SCV  
  17  1:05  SCV  
  18  1:17  SCV  
  19  1:27  Marine  
  19  1:30  Orbital Command  
  20  1:46  Command Center  
  20  1:50  Marine  
  21  1:58  Supply Depot  
  21  1:59  SCV  
  22  2:08  Barracks Reactor  
  22  2:25  Factory  
  22  2:26  SCV  
  22  2:29  Refinery  
  23  2:32  Supply Depot  
  23  2:38  SCV  
  24  2:44  Marine x2  
  26  2:58  SCV  
  26  2:59  Orbital Command  
  27  3:19  Hellion  
  31  3:20  Hellion  
  31  3:21  SCV  
  32  3:33  SCV x2  
  34  3:41  Hellion x2  
  38  3:44  Supply Depot  
  38  3:46  Barracks Reactor  
  38  3:47  SCV  
  38  3:52  SCV  
  38  3:54  Starport  
  39  4:02  Armory  
  39  4:11  SCV x2  
  39  4:13  Supply Depot  
  39  4:14  Hellion x2  
  45  4:23  SCV  
  46  4:28  Barracks  
  40  4:39  Hellion x2  
  40  4:40  Barracks Tech Lab  
  40  4:44  Factory  
  44  4:46  Medivac  
  44  4:48  SCV x2  
  48  4:54  Medivac  
  50  5:00  SCV  
  50  5:04  Supply Depot, Refinery  
  51  5:12  SCV x2  
  53  5:14  Marauder  
  53  5:15  Engineering Bay  
  53  5:17  Hellion x2  
  59  5:25  Marine  
  60  5:30  Stimpack  
  60  5:33  Command Center, SCV  
  61  5:35  SCV  
  62  5:48  Factory Tech Lab  
  66  5:50  Hellbat x2  
  66  5:52  Barracks Reactor  
  66  5:54  Marauder  
  68  6:02  Hellion  
  60  6:13  Siege Tank, Hellbat x2  
  65  6:30  Marine  
  65  6:31  Marine x2  
  68  6:32  Medivac  
  68  6:33  SCV x2  
  72  6:45  SCV  
  73  6:57  Marine x2  
  73  6:58  Marauder  
  73  6:59  Siege Tank, Hellbat x2  
  84  7:02  Orbital Command  
  84  7:09  Factory  
  84  7:37  Marine x2  
  76  7:38  Siege Tank, Hellbat x2, Marauder  
  76  7:39  Medivac  
  89  7:45  SCV  
  89  7:46  SCV  
  91  7:56  Marine x2  
  93  8:12  Supply Depot  
  93  8:13  Infernal Pre-Igniter, Supply Depot  
  93  8:15  Orbital Command  
  93  8:24  Factory  
  93  8:25  Factory Tech Lab  
  93  8:26  Barracks  
  93  8:27  Barracks  
  93  8:34  Hellbat x2, SCV x2, Marauder  
  101  8:38  Marine x2  
  101  8:40  Siege Tank  
  106  8:46  Medivac  
  106  8:48  SCV  
  109  9:15  Refinery  
  109  9:39  Command Center, Supply Depot  
  109  9:40  Liberator, Supply Depot  
  109  9:41  Supply Depot  
  109  9:42  Barracks Reactor  
  109  9:43  Supply Depot, Barracks Tech Lab  
  109  9:46  Factory Tech Lab  
  109  9:55  Supply Depot  
  109  9:57  SCV x2, Supply Depot, Marine x2, Siege Tank, Hellbat x2, Marauder  
  109  9:58  Terran Vehicle Weapons Level 1  
  125  10:01  Siege Tank, SCV  
  125  10:06  Combat Shields  
  129  10:09  SCV x2  
  129  10:13  SCV  
  132  10:35  Missile Turret  
  132  10:41  Marine x4  
  136  10:48  Missile Turret  
  136  10:50  Missile Turret  
  136  10:52  Missile Turret  
  136  10:54  Planetary Fortress  
  136  10:57  Missile Turret  
  136  10:58  SCV  
  136  10:59  SCV x2  
  136  11:00  Marine x2  
  136  11:01  Marine x2  
  136  11:02  Marauder x2  
  136  11:03  Siege Tank x2, Hellbat x2  
  157  11:07  Refinery  
  157  11:09  Thor, Refinery  
  157  11:11  SCV x3  
  166  11:33  Command Center  
  166  11:37  Marine x5  
  166  11:38  Marauder  
  166  11:39  Siege Tank x2, Hellbat x2  
  183  11:42  Viking  
  185  12:16  Marine  
  185  12:17  Marine x2  
  188  12:25  Supply Depot  
  188  12:26  Supply Depot x2  
  188  12:27  Supply Depot  
  188  12:43  Terran Infantry Weapons Level 1  
  188  12:44  Marauder x2, Hellbat, Marine x4  
  188  12:45  Terran Vehicle Weapons Level 2  
  188  12:48  Armory  
  188  12:49  Engineering Bay  
  188  12:50  Fusion Core  
  198  13:04  Refinery  
  198  13:12  SCV x2  
  200  13:18  Refinery  
  200  13:57  Planetary Fortress  
  200  13:59  Missile Turret  
  200  14:02  Missile Turret  
  200  14:04  Missile Turret  
  200  14:05  Liberator x2  
  162  14:18  Marine x6  
  162  14:20  Siege Tank x2, Hellbat x2  
  162  14:21  Thor  
  180  14:34  Supply Depot  
  180  14:36  Supply Depot  
  180  14:37  Supply Depot, Marauder  
  180  14:38  Supply Depot  
  182  14:39  Supply Depot  
  182  14:44  Supply Depot  
  182  14:52  Terran Infantry Weapons Level 2  
  182  14:53  Terran Infantry Armor Level 1  
  182  14:55  Terran Ship Weapons Level 1  
  170  15:29  Liberator x2  
  142  15:40  Marine x4  
  142  15:41  Marine x2  
  130  15:43  Siege Tank, Hellbat x2  
  130  15:45  Cyclone, Hellbat  
  136  15:59  Marauder  
  136  16:03  Marine x2  
  136  16:04  Marine  
  127  16:08  Marine  
  127  16:10  Hellbat  
  127  16:11  Siege Tank, Hellbat  
  114  16:13  Marauder  
  107  16:26  Barracks  
  107  16:29  Barracks  
  107  16:31  Barracks  
  107  16:32  Barracks  
  94  16:48  Command Center  
  94  16:52  Missile Turret  
  94  17:02  Supply Depot  
  94  17:07  Marine x4  
  94  17:08  Marauder x2  
  102  17:19  Starport  
  102  17:20  Starport  
  102  17:22  Marine x4  
  104  17:25  Thor x2  
  104  17:26  Starport  
  104  17:27  Thor  
  104  17:28  Viking x2  
  127  17:47  Marine x5  
  127  17:48  Marauder x2  
  126  18:10  Marine x5  
  126  18:11  Marauder  
  126  18:12  Barracks Reactor x2, Barracks Tech Lab  
  133  18:14  Marine  
  134  18:57  SCV x4  
  138  19:09  SCV x3  
Tags
 
Composition
Bio Hellbat
Matchup
TvZ
Spawn Locations
Cross Positions
Add a new tag
Caveats
  • Supply blocks, unpowered buildings, or Contaminate may cause inaccurate times.
  • Supply counts are checked every 10 seconds.